 Dungeon Crawl Stone Soup version 0.32-a0-933-ga8fa3634e4 (webtiles) character file.

Game seed: 10387293524690453155

115 ezpacito the Chopper (level 5, -4/36 HPs)
             Began as a Coglin Chaos Knight on Apr 14, 2024.
             Was a Plaything of Xom.
             Shot with an arrow by a centaur (9 damage)
             ... on level 3 of the Dungeon.
             The game lasted 00:02:29 (1467 turns).

ezpacito the Chopper (Coglin Chaos Knight)          Turns: 1467, Time: 00:02:30

Health: -4/36      AC:  9    Str: 14    XL:     5   Next: 0%
Magic:  5/5        EV:  6    Int: 12    God:    Xom [......]
Gold:   75         SH:  0    Dex: 13    Spells: 5/5 levels left

rFire   . . .        a - +0 hand axe (chaos) {Thatsani}
rCold   x . .        d - +4 whip {Bonhwa}
rNeg    . . .        k - +0 chain mail
rPois   .            (no helmet)
rElec   .            (no cloak)
rCorr   .            (no gloves)
SInv    .            e - +0 pair of boots
Will    .....        (amulet unavailable) Stlth
                     (ring unavailable)
HPRegen 0.26/turn    (ring unavailable)
MPRegen 0.09/turn    (no gizmo)

%: no passive effects
@: revving
A: off-hand wielding, slow wielding, warmup strikes, no jewellery, frail 1, cold
vulnerability 1
a: Invent Gizmo, Renounce Religion


You were on level 3 of the Dungeon.
You worshipped Xom.
You were a very special plaything of Xom.
You visited 1 branch of the dungeon, and saw 4 of its levels.

You collected 75 gold pieces.

Inventory:

Hand Weapons
 a - a +0 hand axe of chaos (weapon) {Thatsani}
 d - a +4 whip (offhand) {Bonhwa}
Missiles
 l - 4 datura-tipped darts (quivered)
Armour
 e - a +0 pair of boots (worn)
 k - a +0 chain mail (worn)
Magical Staves
 m - a staff of conjuration {Kenji}
Scrolls
 h - a scroll of identify {unknown}
 i - a scroll of brand weapon {unknown}
Potions
 b - a potion of attraction {unknown}
 f - 2 potions of heal wounds {unknown}
 j - a potion of degeneration {unknown}


   Skills:
 * Level 3.5 Fighting
 * Level 3.6(3.8) Axes
 * Level 1.3(2.4) Polearms
 * Level 2.4 Armour
 * Level 1.5 Dodging
 + Level 0.7 Stealth
 + Level 0.5 Spellcasting
 + Level 0.2 Conjurations
 + Level 0.5 Evocations


You had 5 spell levels left.
You didn't know any spells.
Your spell library was empty.

Dungeon Overview and Level Annotations

Branches:
Dungeon (4/15)
 Temple: D:4-7

Altars:
Fedhas


Innate Abilities, Weirdness & Mutations

You can wield a second weapon in your off-hand.
It takes a long time for you to wield or remove held weapons.
Your first few attacks do less damage.
You cannot equip rings or amulets.
You are frail. (-10% HP)
You are vulnerable to cold. (rC-)


Message History

There is a stone staircase leading up here.
There are monsters nearby!
There is an escape hatch in the ceiling here.
The quokka bites you but does no damage.
A mysterious force pulls you upwards. The hatch slams shut behind you.
The orc shouts!
The centaur shouts!
The rat squeaks loudly.
You hear a shout!
The centaur wields a +0 shortbow.
The centaur shoots an arrow.
The arrow barely misses you.
You hear a shout! x2
Found a stone staircase leading down and a stone staircase leading up.
The quokka attacks as it pursues you!
The quokka bites you but does no damage. x2
You hit the quokka with your +0 hand axe of chaos.
You burn the quokka.
You kill the quokka!
The centaur shoots an arrow.
The arrow hits you but does no damage.
The centaur shoots an arrow.
The arrow closely misses you.
The centaur shoots an arrow.
The arrow hits you but does no damage.
There is a stone staircase leading down here.
The centaur shoots an arrow.
The arrow hits you!
* * * LOW HITPOINT WARNING * * *
You take 6 damage, and have 3/31 hp.
A giant cockroach comes into view.
An orc comes into view. It is wielding a +0 hand axe.
The giant cockroach bites you but does no damage.
Something hits your quokka zombie! Something kicks your quokka zombie.
Your quokka zombie is destroyed!
The giant cockroach bites you but does no damage.
You hit the giant cockroach with your +4 whip.
The giant cockroach is heavily wounded.
You hit the giant cockroach with your +0 hand axe of chaos.
You kill the giant cockroach!
You have reached level 5!
MP restored: 5
As you read the scroll labelled KIONET WIXU, it crumbles to dust.
It is a scroll of amnesia.
You feel forgetful for a moment.
The centaur wields a +0 shortbow.
The centaur shoots an arrow.
The arrow hits you!
You die...
Xom guffaws!

.....## ##.##c.....#
.......###.....or..c.
.........o>..#...<#.#
......#..c##.#.......
# .........###.....#
. .........#
#......... .
.....##.## #.........
. .#....#.#
#.......## . .. #..@#
#......... .
....!..(.# ########.#
. ..[.......# o .
).......#.# .
........#.. .
$.......##.#
######### .# ..


You could see a centaur and an orc.

Vanquished Creatures
  An orc wizard (D:3)
  2 adders (D:3)
  A river rat (D:3)
  3 dart slugs
  A ribbon worm (D:2)
  An orc (D:3)
  6 bats
  An endoplasm (D:2)
  3 giant cockroaches
  5 goblins
  6 hobgoblins
  3 jackals (D:1)
  5 quokkas
  A frilled lizard (D:1)
  4 kobolds
  6 rats
49 creatures vanquished.

Vanquished Creatures (others)
  A quokka zombie (D:3)
1 creature vanquished.

Grand Total: 50 creatures vanquished

Notes
Turn   | Place    | Note
-------+----------+-------------------------------------------
     0 | D:1      | ezpacito the Coglin Chaos Knight began the quest for the
                  | Orb.
     0 | D:1      | Reached XP level 1. HP: 18/18 MP: 1/1
   105 | D:1      | Reached skill level 1 in Dodging
   141 | D:1      | Reached XP level 2. HP: 24/24 MP: 2/2
   232 | D:1      | XOM: silly message
   317 | D:1      | XOM: give mutation
   317 | D:1      | Gained mutation: You have hidden genetic defects. [Xom's
                  | mischief]
   355 | D:1      | Reached XP level 3. HP: 29/29 MP: 3/3
   435 | D:1      | Gained mutation: You are frail. (-10% HP) [hidden defects]
   800 | D:2      | Gained mutation: You are vulnerable to cold. (rC-) [hidden
                  | defects]
   800 | D:2      | Lost mutation: You have hidden genetic defects. [hidden
                  | defects expressed]
   887 | D:2      | XOM: draining
  1061 | D:2      | XOM: noise
  1140 | D:2      | XOM: 2-stop teleportation journey
  1272 | D:3      | Reached skill level 1 in Polearms
  1272 | D:3      | Reached XP level 4. HP: 21/30 MP: 4/4
  1366 | D:3      | Found a blossoming altar of Fedhas.
  1437 | D:3      | XOM: summons 3 hostile demons
  1438 | D:3      | Noticed a sun demon
  1438 | D:3      | Noticed an ice devil
  1455 | D:3      | Noticed a centaur
  1467 | D:3      | Reached XP level 5. HP: 5/36 MP: 5/5
  1467 | D:3      | Shot with an arrow by a centaur

Illustrated notes

Levels and vault maps discovered:
D:1:      nicolae_arrival_washed_ashore, layout_basic,
          chequers_serial_rivers_micro_e
D:2:      layout_basic, ebering_ecumenical_altar_mist, uniq_robin
D:3:      layout_rooms, fedhas_altar_2
D:4:      layout_basic, eino_small_chamber_without_monster

Skill      XL: |  1  2  3 |
---------------+----------+-----
Dodging        | 1 |  1.5
Armour         | 2 |  2.4
Polearms       | 1 |  1.3
Fighting       | |  3.5
Axes           | |  3.6
Stealth        | |  0.7
Spellcasting   | |  0.5
Conjurations   | |  0.2
Evocations     | |  0.5

Action                     |  1- 3 |  4- 6 || total
---------------------------+-------+-------++-------
  Melee: Hand axe          |   108 |    25 ||   133
         Dagger            |    89 |       ||    89
         Staff             |     7 |    16 ||    23
         Whip              |       |     8 ||     8
    Use: Scroll            |       |     4 ||     4
   Stab: Sleeping          |     1 |       ||     1
 Armour: Leather armour    |    48 |       ||    48
         Chain mail        |    21 |    34 ||    55
  Dodge: Dodged            |    70 |    13 ||    83

Table legend: (Time is in decaauts)
 A = Elapsed time spent in this place.
 B = Non-inter-level travel time spent in this place.
 C = Inter-level travel time spent in this place.
 D = Time resting spent in this place.
 E = Time spent auto-exploring this place.
 F = Levels seen in this place.
 G = Mean time per level.
                   A        B        C        D        E       F      G
               +--------+--------+--------+--------+--------+-----+--------+
         Total |   1476 |   1410 |     66 |      2 |   1027 |   4 |  369.0 |
       Dungeon |   1476 |   1410 |     66 |      2 |   1027 |   4 |  369.0 |
               +--------+--------+--------+--------+--------+-----+--------+

Top non-repeatable levels by time:
     D:1: 734 daAuts
     D:2: 475 daAuts
     D:3: 260 daAuts
     D:4: 5 daAuts
